 Dungeon Crawl Stone Soup version 0.30-a0-218-gedb9141078 (webtiles) character file.

Game seed: 3435238802723878921

210 Johnny the Chiller (level 5, -3/34 HPs)
             Began as an Octopode Ice Elementalist on Oct 5, 2022.
             Slain by an orc priest
             ... wielding a +0 trident
              (5 damage)
             ... on level 4 of the Dungeon.
             The game lasted 00:02:40 (3213 turns).

Johnny the Chiller (Octopode Ice Elementalist)      Turns: 3213, Time: 00:02:41

Health: -3/34      AC:  1    Str:  7    XL:     5   Next: 87%
Magic:  9/9        EV: 14    Int: 19    God:
Gold:   215        SH:  0    Dex: 13    Spells: 3/10 levels left

rFire   . . .      SeeInvis .    f - +0 dagger (elec)
rCold   . . .      Faith    .    (no shield)
rNeg    . . .      Spirit   .    (helmet restricted)
rPois   .          Reflect  .    (no amulet)
rElec   .          Harm     .    (no ring)
rCorr   .          Rampage  .    (no ring)
Will    .....                    (no ring)
Stlth   +++.......               (no ring)
HPRegen 0.25/turn                (no ring)
MPRegen 0.11/turn                (no ring)
                                 (no ring)
                                 (no ring)

@: no status effects
A: almost no armour, amphibious, 8 rings, camouflage 1, gelatinous body 1,
(nimble swimmer 1), tentacles
a: no special abilities


You were on level 4 of the Dungeon.
You visited 1 branch of the dungeon, and saw 4 of its levels.

You collected 215 gold pieces.

Inventory:

Hand Weapons
 f - a +0 dagger of electrocution (weapon)
Armour
 k - a +0 kite shield
Jewellery
 g - a +6 ring of intelligence
 h - an amulet of magic regeneration
 m - an amulet of guardian spirit
Scrolls
 b - 2 scrolls of poison {unknown}
 i - a scroll of fear {unknown}
 n - a scroll of butterflies {unknown}
 p - 2 scrolls of amnesia {unknown}
 r - a scroll of immolation {unknown}
 s - a scroll of blinking {unknown}
Potions
 a - a potion of magic
 c - a potion of might
 e - 4 potions of cancellation
 j - a potion of heal wounds {unknown}
 l - a potion of flight {unknown}
 o - a potion of berserk rage {unknown}
 q - a potion of brilliance {unknown}


   Skills:
 + Level 2.1 Fighting
 + Level 3.1 Dodging
 - Level 3.1 Stealth
 + Level 1.8 Shields
 + Level 3.0 Spellcasting
 + Level 4.7 Ice Magic


You had 3 spell levels left.
You knew the following spells:

 Your Spells              Type           Power      Damage    Failure   Level
a - Freeze                Ice            80%        1d9       2%          1
b - Frozen Ramparts       Ice            40%        1d7       6%          3
c - Ozocubu's Armour      Ice            20%        N/A       6%          3

Your spell library contained the following spells:

 Spells                   Type           Power      Damage    Failure   Level
 Kiss of Death            Conj/Necr      8%         2d6       16%         1
 Sandblast                Erth           4%         2d4       16%         1
 Passwall                 Tmut/Erth      1%         N/A       22%         2
 Confusing Touch          Hex            2%         N/A       41%         3
 Stone Arrow              Conj/Erth      4%         3d7       41%         3
 Summon Ice Beast         Ice/Summ       11%        N/A       50%         4
 Dispel Undead            Necr           2%         3d7       83%         4


Dungeon Overview and Level Annotations

Branches:
Dungeon (4/15)
 Temple: D:4-7

Altars:


Innate Abilities, Weirdness & Mutations

You cannot wear most types of armour.
You are amphibious.
You can wear up to eight rings at the same time.
Your skin changes colour to match your surroundings (Stealth+).
Your rubbery body absorbs attacks. (AC +1, EV +1)
((You are camouflaged when in or above water. (Stealth+)))
You have tentacles for arms and can constrict up to eight enemies at once.


Message History

The orc priest hits you from afar with a +0 trident.
As you read the scroll of identify, it crumbles to dust.
c - a potion of might The wall freezes the orc priest.
The orc priest misses you.
Okay, then.
Your frozen ramparts will break if you move.
Continue?
The frozen ramparts melt away as you move.
The orc priest hits you with a +0 trident!
* * * LOW HITPOINT WARNING * * *
Casting: Frozen Ramparts (dangerous; 6% risk of failure)
Confirm with . or Enter, or press ? or * to list all spells.
Okay, then.
You feel better.
An orc comes into view. It is wielding a +0 short sword.
The orc priest hits you with a +0 trident.
* * * LOW HITPOINT WARNING * * *
You feel better.
The orc priest mumbles some strange prayers to Beogh against you.
Beogh smites you!
* * * LOW HITPOINT WARNING * * *
You hear a shout!
Casting: Frozen Ramparts (dangerous; 6% risk of failure)
Confirm with . or Enter, or press ? or * to list all spells.
You don't have enough magic to cast this spell.
Aiming: Freeze (safe; 2% risk of failure)
Press: ? - help, Q - select action, (/) - cycle Shift-Dir - straight line, f - orc priest
Aim: an orc priest, wielding a +0 trident and wearing a +0 leather armour (moderately wounded)
Okay, then.
Casting: Freeze (safe; 2% risk of failure)
Confirm with . or Enter, or press ? or * to list all spells.
You don't have enough magic to cast this spell.
Aiming: Freeze (safe; 2% risk of failure)
Press: ? - help, Q - select action, (/) - cycle Shift-Dir - straight line, f - orc priest
Aim: an orc priest, wielding a +0 trident and wearing a +0 leather armour (moderately wounded)
Okay, then.
Okay, then.
Magic courses through your body.
The orc shouts!
The orc priest hits you with a +0 trident.
You die...

# .# ### #o##
##.####o..#
#...).@...##
#..).......##
#...........# ..#
#...........## ... ##
#............## #..#
.######
#.............## #..#
......##
#..............###..#
......)#
#...........#.......#
.†[....#
#...........##.....##


You could see an orc priest and an orc.

Vanquished Creatures
  A jelly (D:3)
  Crazy Yiuf (D:3)
  2 orc wizards (D:4)
  3 adders
  2 worms
  2 dart slugs
  An orc (D:3)
  4 bats
  7 endoplasms
  2 giant cockroaches
  3 goblins
  5 hobgoblins
  4 jackals (D:2)
  8 kobolds
  4 quokkas
  4 ball pythons
  2 frilled lizards (D:2)
  A rat (D:1)
56 creatures vanquished.

Notes
Turn   | Place    | Note
-------+----------+-------------------------------------------
     0 | D:1      | Johnny the Octopode Ice Elementalist began the quest for
                  | the Orb.
     0 | D:1      | Reached XP level 1. HP: 11/11 MP: 3/3
   259 | D:1      | Reached XP level 2. HP: 18/18 MP: 5/5
   935 | D:2      | Reached XP level 3. HP: 22/22 MP: 6/6
  1044 | D:2      | Reached skill level 1 in Fighting
  1795 | D:3      | Reached XP level 4. HP: 24/28 MP: 4/7
  1802 | D:3      | Reached skill level 1 in Shields
  2189 | D:3      | Reached XP level 5. HP: 34/34 MP: 9/9
  2421 | D:3      | Found a runed translucent door.
  2422 | D:3      | Noticed Crazy Yiuf
  2882 | D:3      | Learned a level 3 spell: Frozen Ramparts
  2886 | D:3      | Learned a level 3 spell: Ozocubu's Armour
  2891 | D:3      | Killed Crazy Yiuf
  3212 | D:4      | HP: 1/34 [orc priest/divine providence (12)]
  3213 | D:4      | Slain by an orc priest

Illustrated notes

Levels and vault maps discovered:
D:1:      scummos_arrival_forest, layout_basic, minivault_23
D:2:      layout_loops_ring
D:3:      layout_loops_corners, kennysheep_nondescript, minmay_quadrilaterals,
          uniq_crazy_yiuf_cottage
D:4:      layout_cave_pods, eino_small_chamber_without_monster

Skill      XL: |  1  2  3  4  5 |
---------------+----------------+-----
Stealth        | 3 |  3.1
Fighting       | 1 2 |  2.1
Shields        | 1 |  1.8
Dodging        | 3 |  3.1
Spellcasting   | 3 |  3.0
Ice Magic      | |  4.7

Action                   |  1- 3 |  4- 6 || total
-------------------------+-------+-------++-------
Melee: Unarmed           |    24 |       ||    24
       Tentacles         |    20 |     7 ||    27
       Constrict         |    17 |     9 ||    26
       Punch             |     1 |       ||     1
       Dagger            |    56 |    30 ||    86
 Cast: Freeze            |    12 |     7 ||    19
       Frozen Ramparts   |       |     3 ||     3
       Ozocubu's Armour  |       |     1 ||     1
  Use: Scroll            |       |     3 ||     3
       Potion            |       |     3 ||     3
 Stab: Sleeping          |    12 |     7 ||    19
Armor: Skin              |       |     5 ||     5
Dodge: Dodged            |    60 |    22 ||    82

Table legend: (Time is in decaauts)
 A = Elapsed time spent in this place.
 B = Non-inter-level travel time spent in this place.
 C = Inter-level travel time spent in this place.
 D = Time resting spent in this place.
 E = Time spent auto-exploring this place.
 F = Levels seen in this place.
 G = Mean time per level.
                   A        B        C        D        E       F      G
               +--------+--------+--------+--------+--------+-----+--------+
         Total |   3212 |   3125 |     87 |    186 |   2519 |   4 |  803.0 |
       Dungeon |   3212 |   3125 |     87 |    186 |   2519 |   4 |  803.0 |
               +--------+--------+--------+--------+--------+-----+--------+

Top non-repeatable levels by time:
     D:3: 1284 daAuts
     D:2: 882 daAuts
     D:1: 878 daAuts
     D:4: 166 daAuts
